 Dungeon Crawl Stone Soup version 0.26-a0-663-g36e8fdb655 (webtiles) character file.

Game seed: 8139113418007065867

1028 jiml777 the Grasshopper (level 8, 0/63 HPs)
             Began as a Gnoll Warper on Oct 11, 2020.
             Was a Follower of Elyvilon.
             Slain by a killer bee zombie (3 damage)
             ... on level 5 of the Dungeon.
             The game lasted 00:34:53 (6145 turns).

jiml777 the Grasshopper (Gnoll Warper)              Turns: 6145, Time: 00:34:54

Health: 0/63       AC:  9    Str: 13    XL:     8   Next: 23%
Magic:  5/18       EV: 13    Int: 18    God:    Elyvilon [*.....]
Gold:   266        SH:  0    Dex: 15    Spells: 13/18 levels left

rFire    + + .     SeeInvis .   l - +0 short sword (venom)
rCold    . . .     Faith    +   (no shield)
rNeg     . . .     Spirit   .   f - +0 ring mail
rPois    +         Reflect  .   (no helmet)
rElec    .         Harm     .   (no cloak)
rCorr    .         Rampage  .   (no gloves)
MR       .....                  (no boots)
Stlth    +++.......             z - amulet "Qyts" {Faith rF+ Stlth+}
HPRegen  0.20/turn              x - ring of protection from fire
MPRegen  0.16/turn              t - +4 ring of protection

@: no status effects
A: distributed training, fangs 1, high mp 1, poison resistance, strong nose
a: Lesser Healing, Divine Protection, Renounce Religion


You were on level 5 of the Dungeon.
You worshipped Elyvilon.
Elyvilon was aware of your devotion.
You visited 2 branches of the dungeon, and saw 6 of its levels.
You also visited: Ossuary.

You collected 266 gold pieces.

Inventory:

Hand Weapons
 a - a +0 spear
 l - a +0 short sword of venom (weapon)
Missiles
 e - 5 boomerangs of dispersal
 h - a javelin
 j - 29 sling bullets
 m - 8 curare-tipped darts
 q - a throwing net
 u - 36 bolts
 y - 120 arrows
 A - 2 datura-tipped darts
 C - 42 poisoned darts (quivered)
Armour
 b - a +0 leather armour
 f - a +0 ring mail (worn)
Jewellery
 n - an uncursed ring of flight
 t - a +4 ring of protection (right hand)
 v - an uncursed ring of protection from magic
 x - a ring of protection from fire (left hand)
 z - the amulet "Qyts" (around neck) {Faith rF+ Stlth+}
   (You found it on level 4 of the Dungeon)

   [amulet of faith]

   It allows you to gain divine favour quickly.
   It protects you from fire.
   It makes you more stealthy.
Wands
 D - a wand of iceblast (3)
Scrolls
 d - 3 scrolls of blinking
 r - 2 scrolls of amnesia
 s - 2 scrolls of remove curse
 H - 2 scrolls of teleportation
 J - a scroll of identify
 K - a scroll of magic mapping
Potions
 c - 2 potions of haste
 g - a potion of heal wounds
 i - 2 potions of resistance {unknown}
 k - 2 potions of flight {unknown}
 o - 2 potions of mutation
 p - a potion of ambrosia {unknown}
 w - 2 potions of might {unknown}
 B - 3 potions of stabbing {unknown}
 E - 2 potions of curing {unknown}
 F - 2 potions of degeneration {unknown}
 G - 3 potions of lignification {unknown}
 I - a potion of brilliance {unknown}


   Skills:
 + Level 5.5 Fighting
 + Level 3.1 Short Blades
 + Level 3.1 Long Blades
 + Level 3.1 Axes
 + Level 3.1 Maces & Flails
 + Level 5.5 Polearms
 + Level 3.1 Staves
 + Level 3.1 Slings
 + Level 3.1 Bows
 + Level 3.1 Crossbows
 + Level 4.0 Throwing
 + Level 4.0 Armour
 + Level 5.5 Dodging
 + Level 3.1 Stealth
 + Level 3.1 Shields
 + Level 3.1 Unarmed Combat
 + Level 5.9 Spellcasting
 + Level 2.5 Conjurations
 + Level 2.5 Hexes
 + Level 2.5 Summonings
 + Level 2.5 Necromancy
 + Level 6.0 Translocations
 + Level 2.5 Transmutations
 + Level 2.5 Fire Magic
 + Level 2.5 Ice Magic
 + Level 2.5 Air Magic
 + Level 2.5 Earth Magic
 + Level 2.5 Poison Magic
 + Level 3.4 Invocations
 + Level 3.1 Evocations


You had 13 spell levels left.
You knew the following spells:

 Your Spells              Type           Power        Failure   Level
a - Blink                 Tloc           N/A          3%          2
b - Teleport Other        Tloc           ####....     6%          3

Your spell library contained the following spells:

 Spells                   Type           Power        Failure   Level
 Gell's Gravitas          Tloc           ####......   6%          3
 Lesser Beckoning         Tloc           ####......   6%          3
 Animate Skeleton         Necr           ##....       9%          1
 Magic Dart               Conj           ##..         9%          1
 Pain                     Necr           ##..         9%          1
 Call Imp                 Summ           ##......     14%         2
 Slow                     Hex            ##......     14%         2
 Passage of Golubria      Tloc           N/A          21%         4
 Conjure Flame            Conj/Fire      ##......     26%         3
 Mephitic Cloud           Conj/Pois/Air  ##......     26%         3
 Vampiric Draining        Necr           ##........   26%         3
 Animate Dead             Necr           ##........   65%         4
 Agony                    Necr           ##......     94%         5


Dungeon Overview and Level Annotations

Branches:
Dungeon (5/15)             Temple (1/1) D:4         Ossuary (visited)

Altars:
Ashenzari
Cheibriados
Dithmenos
Elyvilon
Fedhas
Gozag
Hepliaklqana
Kikubaaqudgha
Makhleb
Nemelex Xobeh
Okawaru
Qazlal
Ru
Sif Muna
Trog
Uskayaw
Vehumet
Wu Jian
Xom
Yredelemnul
Zin
The Shining One


Innate Abilities, Weirdness & Mutations

Your experience applies equally to all skills.
You have very sharp teeth.
Your uncanny sense of smell can sniff out nearby items.
You have an increased reservoir of magic. (+10% MP)
Your system is resistant to poisons. (rPois)


Message History

The killer bee zombie misses you.
The centaur hits you but does no damage.
The killer bee zombie hits you!
* * * LOW HITPOINT WARNING * * *
Casting: Teleport Other (dangerous; 6% risk of failure)
Confirm with . or Enter, or press ? or * to list all spells.
You blink.
The centaur wields a +0 shortbow.
The centaur shoots an arrow.
The arrow hits you!
* * * LOW HITPOINT WARNING * * *
You see here an arrow.
The centaur shoots an arrow.
The arrow hits you!
* * * LOW HITPOINT WARNING * * *
You see here an arrow.
The killer bee zombie barely misses you.
Casting: Blink (safe; 3% risk of failure)
Confirm with . or Enter, or press ? or * to list all spells.
You blink.
The killer bee zombie hits you.
You die...

....##...# ....###.##
....#.#.##
.........##
.##.#.....# ## ..
###....## ##.##
.###.......# #...##
.##....##.###
###....#
.##.....#...# #.@...#
........(...#####Z###
............>.......#
#.........#........##
#.................##
##....##.........##
......##..........#
............##....###
.....##......##.....#


You could see a killer bee zombie.

Vanquished Creatures
  2 ogres
  Blork the orc (D:3)
  An elf zombie (Ossuary)
  2 scorpions
  A bullfrog zombie (D:5)
  2 centaur zombies
  A jelly (D:5)
  2 bullfrog skeletons (D:5)
  A centaur skeleton (D:5)
  3 human zombies (Ossuary)
  An iguana (D:5)
  3 worker ants
  A big kobold zombie (Ossuary)
  2 mummies (Ossuary)
  A gnoll (D:1)
  A howler monkey zombie (D:5)
  4 adders
  A shadow imp (D:5)
  An ufetubus (D:5)
  An ooze (D:2)
  An adder skeleton (D:5)
  An adder zombie (Ossuary)
  4 worms
  4 dart slugs
  6 leopard geckos
  4 orcs (D:3)
  7 bats
  3 giant cockroaches
  2 goblins
  8 hobgoblins
  9 jackals
  6 frilled lizards
  2 giant cockroach zombies (D:5)
  A goblin zombie (Ossuary)
  10 hobgoblin zombies (Ossuary)
  8 kobolds
  5 kobold zombies (Ossuary)
  2 leopard gecko zombies (D:5)
  12 orc zombies (Ossuary)
  A quokka zombie (D:5)
  13 rats
  2 rat zombies (Ossuary)
  4 bushes (Temple)
147 creatures vanquished.

Vanquished Creatures (others)
  5 plants (Temple)
  3 withered plants (D:5)
8 creatures vanquished.

Grand Total: 155 creatures vanquished

Notes
Turn   | Place    | Note
-------+----------+-------------------------------------------
     0 | D:1      | jiml777 the Gnoll Warper began the quest for the Orb.
     0 | D:1      | Reached XP level 1. HP: 20/20 MP: 6/6
   134 | D:1      | Reached XP level 2. HP: 24/26 MP: 7/7
   723 | D:1      | Reached XP level 3. HP: 25/31 MP: 9/9
   728 | D:1      | Reached skill level 5 in Spellcasting
  1217 | D:2      | Reached skill level 1 in Invocations
  1279 | D:2      | Reached skill level 1 in Short Blades
  1279 | D:2      | Reached skill level 1 in Long Blades
  1279 | D:2      | Reached skill level 1 in Axes
  1279 | D:2      | Reached skill level 1 in Maces & Flails
  1279 | D:2      | Reached skill level 1 in Staves
  1279 | D:2      | Reached skill level 1 in Slings
  1279 | D:2      | Reached skill level 1 in Bows
  1279 | D:2      | Reached skill level 1 in Crossbows
  1279 | D:2      | Reached skill level 1 in Stealth
  1279 | D:2      | Reached skill level 1 in Shields
  1279 | D:2      | Reached skill level 1 in Unarmed Combat
  1279 | D:2      | Reached skill level 1 in Evocations
  1344 | D:2      | Learned a level 2 spell: Blink
  1396 | D:2      | Reached XP level 4. HP: 35/38 MP: 11/11
  1971 | D:3      | Reached skill level 1 in Conjurations
  1971 | D:3      | Reached skill level 1 in Hexes
  1971 | D:3      | Reached skill level 1 in Summonings
  1971 | D:3      | Reached skill level 1 in Necromancy
  1971 | D:3      | Reached skill level 1 in Transmutations
  1971 | D:3      | Reached skill level 1 in Fire Magic
  1971 | D:3      | Reached skill level 1 in Ice Magic
  1971 | D:3      | Reached skill level 1 in Air Magic
  1971 | D:3      | Reached skill level 1 in Earth Magic
  1971 | D:3      | Reached skill level 1 in Poison Magic
  2136 | D:3      | Noticed Blork the orc
  2165 | D:3      | Killed Blork the orc
  2165 | D:3      | Reached XP level 5. HP: 38/43 MP: 12/12
  2198 | D:3      | Found a shimmering blue altar of Sif Muna.
  2297 | D:3      | Found a stormy altar of Qazlal.
  2823 | D:4      | Found a sand-covered staircase.
  2832 | Ossuary  | Entered an ossuary
  3204 | Ossuary  | Reached XP level 6. HP: 28/50 MP: 14/14
  3514 | Ossuary  | Reached skill level 5 in Fighting
  3514 | Ossuary  | Reached skill level 5 in Polearms
  3514 | Ossuary  | Reached skill level 5 in Dodging
  3884 | Ossuary  | Reached XP level 7. HP: 18/56 MP: 15/15
  4099 | D:4      | Gained mutation: Your body sometimes deteriorates upon
                  | taking damage. [potion of mutation]
  4099 | D:4      | Gained mutation: You evolve. [potion of mutation]
  4100 | D:4      | Lost mutation: Your body sometimes deteriorates upon taking
                  | damage. [potion of mutation]
  4100 | D:4      | Lost mutation: You evolve. [potion of mutation]
  4100 | D:4      | Gained mutation: Your system is resistant to poisons.
                  | (rPois) [potion of mutation]
  4100 | D:4      | Gained mutation: You have an increased reservoir of magic.
                  | (+10% MP) [potion of mutation]
  4174 | D:4      | Found a staircase to the Ecumenical Temple.
  4191 | Temple   | Entered the Ecumenical Temple
  4544 | Temple   | Became a worshipper of Elyvilon the Healer
  4817 | D:4      | Got a faintly glowing platinum amulet
  4823 | D:4      | Identified the amulet "Qyts" {Faith rF+ Stlth+} (You found
                  | it on level 4 of the Dungeon)
  5123 | D:5      | Entered Level 5 of the Dungeon
  5329 | D:5      | Learned a level 3 spell: Teleport Other
  5351 | D:5      | Reached * piety under Elyvilon
  5651 | D:5      | Reached skill level 6 in Translocations
  5651 | D:5      | Reached XP level 8. HP: 47/63 MP: 18/18
  6137 | D:5      | HP: 2/63 [centaur/arrow (10)]
  6145 | D:5      | Slain by a killer bee zombie

Illustrated notes

Levels and vault maps discovered:
D:1:      ebering_trefoil_3fold, layout_basic
D:2:      layout_basic
D:3:      layout_basic, tgw_sif, nicolae_qazlal_general_emergency
D:4:      layout_loops_ring, temple_pool_b, nicolae_ossuary_entry_monument
D:5:      layout_cave_pools, serial_undead, serial_undead_c, serial_undead_d,
          serial_undead_b, serial_undead_a, serial_undead_b, serial_undead_f,
          serial_undead_a, uniq_prince_ribbit1
Temple:   kilobyte_greek_temple

Skill      XL: |  1  2  3  4  5  6  7  8 |
---------------+-------------------------+-----
Spellcasting   | 5 |  5.9
Invocations    | 1 2 3 |  3.4
Short Blades   | 1 2 3 |  3.1
Long Blades    | 1 2 3 |  3.1
Axes           | 1 2 3 |  3.1
Maces & Flails | 1 2 3 |  3.1
Staves         | 1 2 3 |  3.1
Slings         | 1 2 3 |  3.1
Bows           | 1 2 3 |  3.1
Crossbows      | 1 2 3 |  3.1
Stealth        | 1 2 3 |  3.1
Shields        | 1 2 3 |  3.1
Unarmed Combat | 1 2 3 |  3.1
Evocations     | 1 2 3 |  3.1
Conjurations   | 1 2 |  2.5
Hexes          | 1 2 |  2.5
Summonings     | 1 2 |  2.5
Necromancy     | 1 2 |  2.5
Transmutations | 1 2 |  2.5
Fire Magic     | 1 2 |  2.5
Ice Magic      | 1 2 |  2.5
Air Magic      | 1 2 |  2.5
Earth Magic    | 1 2 |  2.5
Poison Magic   | 1 2 |  2.5
Throwing       | 3 4 |  4.0
Armour         | 3 4 |  4.0
Fighting       | 5 |  5.5
Polearms       | 5 |  5.5
Dodging        | 5 |  5.5
Translocations | 6 |  6.0

Action                   |  1- 3 |  4- 6 |  7- 9 || total
-------------------------+-------+-------+-------++-------
Melee: Spear             |    31 |       |       ||    31
       Bite              |    11 |    51 |    52 ||   114
       Short sword       |    70 |   356 |   316 ||   742
       Punch             |     1 |     2 |     7 ||    10
Throw: Dart              |     5 |    27 |     8 ||    40
       Javelin           |       |     6 |     1 ||     7
 Cast: Blink             |       |       |     8 ||     8
       Teleport Other    |       |       |     1 ||     1
 Abil: Evoke Flight      |       |     1 |       ||     1
  Use: Scroll            |       |    10 |     3 ||    13
       Potion            |       |       |     4 ||     4
 Stab: Sleeping          |       |     1 |     1 ||     2
Armor: Ring mail         |    36 |   104 |    98 ||   238
Dodge: Dodged            |    72 |   206 |   195 ||   473

Table legend: (Time is in decaauts)
 A = Elapsed time spent in this place.
 B = Non-inter-level travel time spent in this place.
 C = Inter-level travel time spent in this place.
 D = Time resting spent in this place.
 E = Time spent auto-exploring this place.
 F = Levels seen in this place.
 G = Mean time per level.
                   A        B        C        D        E       F      G
               +--------+--------+--------+--------+--------+-----+--------+
         Total |   6134 |   6042 |     92 |   1365 |   2051 |   7 |  876.3 |
       Dungeon |   4481 |   4414 |     67 |    793 |   1959 |   5 |  896.2 |
        Temple |    382 |    357 |     25 |      0 |     92 |   1 |  382.0 |
       Ossuary |   1270 |   1270 |      0 |    572 |      0 |   1 | 1270.0 |
               +--------+--------+--------+--------+--------+-----+--------+

Top non-repeatable levels by time:
 Ossuary: 1270 daAuts
     D:1: 1205 daAuts
     D:4: 903 daAuts
     D:5: 846 daAuts
     D:3: 829 daAuts
     D:2: 697 daAuts
  Temple: 382 daAuts
